 BcadrenCrawl: Boulder Brew version 0.06-688-g08e91b2d95 (webtiles) character file.

Game seed: 12442558458492789793

101 Leeroy the Sneak (level 4, -10/27 HPs) Deep Elf Vine Stalker. Began on Jan 29, 2023. Drowned ... on level 2 of the Dungeon. The game lasted 00:03:31 (1378 turns).

Leeroy the Sneak (Deep Elf Vine Stalker)            Turns: 1378, Time: 00:03:32

Health: -10/27     AC:  8    Str: 10    XL:     4 ^: 51
Magic:  0/13       EV:  7    Int: 16    God:
Gold:   42         SH:  0    Dex: 15    Spells: 7/10 levels left

rFire    + . .     Slash    x   a - +1 dagger
rCold    + . .     Pierce   .   g - +2 dagger (acid)
rNeg     . . .     Bludgeon .   b - +0 leather armour
rCorr    + . .     Vision   .   (no helmet)
rPois    .         Gourm    .   h - +0 cloak
rElec    x         Faith    .   (no gloves)
MR       .....     Spirit   +   (no boots)
HPRegen  0.59/turn Reflect  .   (no amulet)
MPRegen  0.23/turn Harm     .   (no ring)
Stlth    ++........             (no ring)

@: very slow
A: fangs, regeneration 1, magic shield, antimagic bite, no potion heal, rot
immunity, soft flesh
a: no special abilities


You were on level 2 of the Dungeon.
You were not hungry.

You visited 1 branch of the dungeon, and saw 2 of its levels.

You collected 42 gold pieces.

Inventory:

Weapons
 a - a +1 dagger (weapon)
 g - a +2 dagger of caustic ooze (weapon)
Armour
 b - a +0 leather armour (worn)
 h - a +0 cloak (worn)
Jewellery
 e - an uncursed ring of stealth
 i - an uncursed ring of wizardry
Scrolls
 c - 14 scrolls of random uselessness
 j - a scroll of magic mapping
 k - a scroll of enchantment
 l - 2 scrolls of teleportation
 m - a scroll of blinking
Comestibles
 d - a ration
 f - 2 chunks of flesh


   Skills:
 + Level 3.0 Short Blades
 - Level 4.0 Dodging
 - Level 4.9 Stealth
 * Level 3.9 Spellcasting
 - Level 2.9 Hexes


You had 7 spell levels left.
You knew the following spells:

 Your Spells              Type           Power        Failure   Level  Hunger
a - Magic Candle          Hex/Fire       7 (90)       17%         1    0
b - Ensorcelled Hibernat  Hex/Ice        7 (50)       26%         2    17-57

Your spell library contained the following spells:

 Spells                   Type           Power        Failure   Level  Hunger
 Confuse Hex 12 (100) 28% 3 57-117 Tukima's Dance Hex 12 (100) 28% 3 57-117 Blinding Spray Hex/Pois 7 (50) 50% 3 57-117 Fulminant Prism Hex            12 (200)     71%         4    137-237


Dungeon Overview and Level Annotations

Branches:
Dungeon (2/8)

Altars:


Innate Abilities, Weirdness & Mutations

You have razor-sharp fangs.
You heal very quickly.
When hurt, damage is shared between your health and your magic reserves.
Your bite disrupts and absorbs the magic of your enemies.
Potions cannot restore your health.
You are immune to rotting.
Your soft flesh is weak to deep cuts.
Heavy manmade armour will nullify this weakness. (rSlashing-)


Message History

No reachable target in view!
No reachable target in view!
No reachable target in view!
No reachable target in view!
You enter the shallow water.
Moving in this stuff is going to be slow.
The bat skeleton barely misses the giant blowfly.
The bat skeleton completely misses the giant blowfly.
The bat skeleton hits the giant blowfly but does no damage.
You see here a cinder newt corpse.
The bat skeleton completely misses the giant blowfly.
The bat skeleton barely misses the giant blowfly.
The bat skeleton misses the giant blowfly. x2
The bat skeleton barely misses the giant blowfly.
The bat skeleton closely misses the giant blowfly.
Do you really want to walk into deep water?
An adder comes into view.
You inhale water (40)!!!
Ouch! That really hurt!
You die...

≈ ..S≈≈≈≈≈≈≈# ≈.
.≈.b.Z≈≈.# ..#
###.≈≈..≈.≈### #.≈#
...≈≈≈≈≈≈≈#≈# ####≈.≈#
#≈≈≈≈≈≈≈≈.≈ ##≈≈....#
#≈≈≈≈≈≈b≈# ###....≈#
#≈≈≈≈≈≈≈≈###≈.≈.####
#≈≈≈≈@b≈≈##≈≈.#≈≈≈.#P#
#.≈≈≈≈≈≈≈#..###P#≈≈P.≈
.≈...≈≈≈≈≈†.#.≈####.#.#≈
≈##.b≈≈≈≈≈.#.≈###...≈≈#
#≈≈≈≈≈......###≈≈#.≈#
#≈≈≈≈..≈...###.≈#####P
#≈b≈≈.≈≈..##.≈.##≈≈≈P#
#≈≈≈≈b≈b≈≈.≈#..#≈.####
#≈≈≈..;≈≈##≈#≈≈#.#≈≈≈≈


You could see an adder (asleep) and a bat skeleton (wandering).

Vanquished Creatures
  A jelly (D:2)
  A giant cockroach (D:1)
  3 cinder newts
  A dart slug (D:1)
  2 leopard geckos (D:1)
  4 bats (D:1)
  6 goblins (D:1)
  4 hobgoblins (D:1)
  3 kobolds (D:1)
  6 rats (D:1)
  2 withered plants (D:2)
33 creatures vanquished.

Vanquished Creatures (others)
  A goblin (D:1)
  A rat (D:1)
  A butterfly (D:1)
  27 withered plants (D:2)
30 creatures vanquished.

Grand Total: 63 creatures vanquished

Notes
Turn   | Place    | Note
-------+----------+-------------------------------------------
     0 | D:1      | Leeroy the Deep Elf Vine Stalker began the quest for the
                  | Orb.
     0 | D:1      | Reached XP level 1. HP: 13/13 MP: 7/7
     3 | D:1      | Learned a level 2 spell: Ensorcelled Hibernation
   389 | D:1      | Reached XP level 2. HP: 3/18 MP: 1/8
   771 | D:1      | Reached XP level 3. HP: 18/22 MP: 7/10
  1300 | D:2      | Gained mutation: You heal very quickly. [symbiont growth]
  1300 | D:2      | Reached XP level 4. HP: 27/27 MP: 11/13
  1378 | D:2      | Drowned

Illustrated notes

Levels and vault maps discovered:
D:1:      minmay_arrival_shattered_statue, layout_basic,
          kennysheep_generic_room_16
D:2:      layout_sewer, minitemple, uniq_duvessa

Skill      XL: |  1  2  3 |
---------------+----------+-----
Dodging        | 4 |  4.0
Spellcasting   | 2 3 |  3.9
Short Blades   | 3 |  3.0
Stealth        | |  4.9
Hexes          | |  2.9

Action                   |  1- 3 |  4- 6 || total
-------------------------+-------+-------++-------
Melee: Dagger            |    77 |    20 ||    97
       Unarmed           |    15 |       ||    15
       Tailslap          |     8 |       ||     8
 Cast: Ensorcelled Hiber |     2 |       ||     2
  Use: Scroll            |     9 |       ||     9
 Stab: Sleeping          |     6 |       ||     6
  Eat: Chunk             |     1 |     1 ||     2
Armor: Leather armour    |     6 |     7 ||    13
Dodge: Dodged            |    13 |     2 ||    15
